 Dungeon Crawl Stone Soup version 0.31.0-2-g5a2aebc5c2 (webtiles) character file.

Game seed: 16815191005379816096

74 EnegeticOcto the Trooper (level 4, -1/40 HPs)
             Began as a Minotaur Fighter on Jan 20, 2024.
             Slain by a gnoll
             ... wielding a +0 halberd
              (3 damage)
             ... on level 3 of the Dungeon.
             The game lasted 00:00:38 (792 turns).

EnegeticOcto the Trooper (Minotaur Fighter)          Turns: 792, Time: 00:00:38

Health: -1/40      AC:  7    Str: 23    XL:     4   Next: 10%
Magic:  3/3        EV:  9    Int:  5    God:
Gold:   88         SH:  4    Dex:  9    Spells: 3/3 levels left

rFire   . . .        a - +0 war axe
rCold   . . .        c - +0 buckler
rNeg    . . .        b - +0 scale mail
rPois   .            (helmet restricted)
rElec   .            (no cloak)
rCorr   .            (no gloves)
SInv    .            (no boots)
Will    .....        (no amulet) Stlth
                     (no ring)
HPRegen 0.26/turn    (no ring)
MPRegen 0.08/turn

%: no passive effects
@: no status effects
A: horns 2, retaliatory headbutt
a: no special abilities


You were on level 3 of the Dungeon.
You visited 1 branch of the dungeon, and saw 3 of its levels.

You collected 88 gold pieces.

Inventory:

Hand Weapons
 a - a +0 war axe (weapon)
Armour
 b - a +0 scale mail (worn)
 c - a +0 buckler (worn)
Jewellery
 i - an amulet of guardian spirit
   (You found it on level 3 of the Dungeon)
Scrolls
 f - a scroll of noise
 k - a scroll of summoning {unknown}
Potions
 d - 3 potions of might {@q3}
 e - a potion of mutation {unknown}
 g - 2 potions of curing {unknown}
 h - 2 potions of heal wounds {unknown}
 j - a potion of ambrosia {unknown}


   Skills:
 + Level 4.2 Fighting
 * Level 3.8 Axes
 + Level 4.2 Armour
 + Level 4.2 Shields


You had 3 spell levels left.
You didn't know any spells.
Your spell library was empty.

Dungeon Overview and Level Annotations

Branches:
Dungeon (3/15)

Altars:
Ru


Innate Abilities, Weirdness & Mutations

You have a pair of horns on your head.
You reflexively headbutt those who attack you in melee.


Message History

It is a scroll of amnesia.
You feel forgetful for a moment.
HP restored.
A ball python comes into view.
A ball python is nearby!
A ball python is nearby!
Found a stone staircase leading up.
You closely miss the ball python. Your headbutt misses the ball python.
The ball python barely misses you. The ball python closely misses you.
The ball python bites you but does no damage.
The ball python barely misses you.
You barely miss the ball python.
The ball python bites you but does no damage.
The ball python grabs you. The ball python constricts you.
You hit the ball python.
The ball python is moderately wounded.
The ball python bites you. The ball python constricts you.
The ball python bites you. The ball python constricts you.
You slash the ball python!
You kill the ball python!
No target in view!
Found a stone staircase leading down.
Found an escape hatch in the ceiling.
A bat comes into view.
Found a fuming white potion.
You block the bat's attack. x2
You closely miss the bat. The bat hits you but does no damage.
A bat comes into view.
The bat hits you but does no damage. The bat hits you but does no damage.
The bat closely misses you. You furiously retaliate!
You headbutt the bat, but do no damage. The bat hits you but does no damage.
You slash the bat!
You kill the bat!
You closely miss the bat. The bat barely misses you. You furiously retaliate!
You headbutt the bat, but do no damage. The bat hits you.
You hit the bat.
You kill the bat!
No target in view!
No target in view!
e - a fuming white potion
Found a stone staircase leading down.
Found a helmet.
i - an amulet of guardian spirit No target in view!
No target in view!
No target in view!
No target in view!
No target in view!
No target in view!
No target in view!
No target in view!
j - a brown potion You now have 88 gold pieces (gained 10).
k - a scroll labelled NENWI SIRO
Found a sacrificial altar of Ru.
A gnoll comes into view. It is wielding a +0 whip.
You see here 11 gold pieces.
A gnoll comes into view. It is wielding a +0 halberd.
The gnoll shouts!
The gnoll hits you with a +0 whip.
You slash the gnoll!
The gnoll is severely wounded.
You hit the bush but do no damage. You hit the bush. x2
You block the gnoll's attack.
A gnoll comes into view. It is wielding a +0 halberd.
You barely miss the gnoll.
The gnoll is severely wounded.
You hit the bush but do no damage. x3; The gnoll barely misses you.
The gnoll hits you from afar with a +0 halberd!
The gnoll hits you with a +0 whip.
You barely miss the gnoll. Your headbutt misses the gnoll.
The gnoll is severely wounded.
You hit the bush but do no damage. x2; You hit the bush.
The gnoll hits you with a +0 whip. The gnoll closely misses you.
You slash the gnoll!
You kill the gnoll!
You hit the bush but do no damage. x3
The gnoll hits you from afar with a +0 halberd.
You have reached level 4!
You feel stronger. The gnoll barely misses you.
The gnoll hits you with a +0 halberd!
You see here a +0 whip.
You are too injured to fight recklessly!
You are too injured to fight recklessly!
You are too injured to fight recklessly!
You are too injured to fight recklessly!
You are too injured to fight recklessly!
You are too injured to fight recklessly!
You are too injured to fight recklessly!
You are too injured to fight recklessly!
You are too injured to fight recklessly!
You are too injured to fight recklessly!
You are too injured to fight recklessly!
You hit the gnoll.
The gnoll is lightly wounded.
You hit the bush but do no damage. x3; You hit the gnoll.
The gnoll misses you. The gnoll hits you with a +0 halberd!
* * * LOW HITPOINT WARNING * * *
The gnoll hits you with a +0 halberd.
You die...

###### ####
##.... .....
#..#.. .....
#....PPPPP..
#..PPP...PPP
#..P.g....PP
#...@gPP


#...PPPPP #.$PPP... #......_... #.####...#.. #.# #### # #.# ... #.# ... #.# #..
You could see 2 gnolls.

Vanquished Creatures
  2 adders (D:2)
  A gnoll (D:3)
  A dart slug (D:2)
  A ribbon worm (D:2)
  2 endoplasms
  3 goblins
  3 hobgoblins
  6 jackals (D:2)
  A quokka (D:2)
  3 ball pythons
  7 bats
  4 frilled lizards
  5 kobolds
  3 rats
42 creatures vanquished.

Notes
Turn   | Place    | Note
-------+----------+-------------------------------------------
     0 | D:1      | EnegeticOcto the Minotaur Fighter began the quest for the
                  | Orb.
     0 | D:1      | Reached XP level 1. HP: 19/19 MP: 0/0
   194 | D:1      | You fall into a shaft and drop 1 floor!
   200 | D:2      | Reached XP level 2. HP: 27/27 MP: 1/1
   285 | D:2      | Reached XP level 3. HP: 32/33 MP: 2/2
   783 | D:3      | Found a sacrificial altar of Ru.
   791 | D:3      | Reached XP level 4. HP: 24/40 MP: 3/3
   792 | D:3      | HP: 2/40 [gnoll/+0 halberd (14)]
   792 | D:3      | Slain by a gnoll

Illustrated notes

Levels and vault maps discovered:
D:1:      kilobyte_arrival_exit_the_forest, layout_basic
D:2:      layout_basic, minmay_domino_2
D:3:      layout_rooms, mainiacjoe_overflow_chevrons,
          mainiacjoe_overflow_catch_the_wave

Skill      XL: |  1  2  3 |
---------------+----------+-----
Axes           | 3 |  3.8
Fighting       | 4 |  4.2
Armour         | 4 |  4.2
Shields        | 4 |  4.2

Action                     |  1- 3 |  4- 6 || total
---------------------------+-------+-------++-------
  Melee: War axe           |    81 |     1 ||    82
         Headbutt          |     8 |       ||     8
    Use: Scroll            |     2 |       ||     2
 Armour: Scale mail        |    49 |     3 ||    52
  Dodge: Dodged            |    44 |     2 ||    46
  Block: Buckler           |    25 |       ||    25
